 Dungeon Crawl Stone Soup version 0.22.1-6-g1668fe2 (webtiles) character file.

1602 JBWHISE123 the Fighter (level 8, 0/74 HPs)
             Began as a Hill Orc Fighter on Feb 4, 2019.
             Succumbed to a hornet's poison
             ... on level 7 of the Dungeon.
             The game lasted 00:42:36 (5922 turns).

JBWHISE123 the Fighter (Hill Orc Fighter)           Turns: 5922, Time: 00:42:36

Health: 0/74       AC: 16    Str: 21    XL:     8   Next: 94%
Magic:  8/8        EV:  7    Int:  8    God:
Gold:   221        SH: 10    Dex: 10    Spells: 7/7 levels left

rFire    . . .     SeeInvis .   G - +2 mace (protect)
rCold    . . .     Gourm    .   c - +0 shield
rNeg     . . .     Faith    +   b - +0 scale mail
rPois    .         Spirit   .   L - +2 helmet
rElec    .         Reflect  .   (no cloak)
rCorr    .         Harm     .   r - +2 pair of gloves
MR       .....                  u - +1 pair of boots
Stlth    ..........             l - amulet of faith
HPRegen  0.22/turn              (no ring)
MPRegen  0.11/turn              x - ring of wizardry

@: lethally poisoned (0 -> -6)
A: no striking features
a: no special abilities


You were on level 7 of the Dungeon.
You were not hungry.

You visited 2 branches of the dungeon, and saw 8 of its levels.

You collected 311 gold pieces.
You spent 90 gold pieces at shops.

Inventory:

Hand Weapons
 a - a +0 flail
 i - a +0 trident of venom
 G - a +2 mace of protection (weapon)
 K - a +1 short sword of speed
Missiles
 n - 5 javelins (quivered)
 s - a throwing net
Armour
 b - a +0 scale mail (worn)
 c - a +0 shield (worn)
 p - +0 steam dragon scales
 r - a +2 pair of gloves (worn)
 u - a +1 pair of boots (worn)
 E - a -1 plate armour
 J - a +0 ring mail
 L - a +2 helmet (worn)
Jewellery
 l - an amulet of faith (around neck)
 w - a -3 ring of evasion
 x - a ring of wizardry (right hand)
 A - a +2 amulet of reflection {unknown}
Wands
 o - a wand of iceblast (6)
 v - a wand of paralysis (7)
 I - a wand of flame (24)
Scrolls
 e - 2 scrolls of immolation
 g - a scroll of teleportation {unknown}
 h - 2 scrolls of fog {unknown}
 j - a scroll of noise
 k - 8 scrolls of identify
 q - 5 scrolls of magic mapping
 y - a scroll of blinking {unknown}
 B - a scroll of enchant weapon {unknown}
 C - a scroll of remove curse
 D - a scroll of random uselessness
 H - a scroll of summoning {unknown}
Potions
 d - a potion of might
 m - a potion of lignification {unknown}
 t - 2 potions of haste {unknown}
 z - a potion of ambrosia {unknown}
Comestibles
 f - 4 rations
 F - 3 chunks of flesh


   Skills:
 + Level 8.0 Fighting
 + Level 6.7 Maces & Flails
 + Level 7.3 Armour
 - Level 0.1 Dodging
 - Level 5.1 Shields


You had 7 spell levels left.
You didn't know any spells.
Your spell library contained the following spells:

 Spells                   Type           Power        Failure   Level  Hunger
 Summon Small Mammal      Summ           #...         80%         1    ##.....
 Call Imp                 Summ           #.......     90%         2    ###....
 Call Canine Familiar     Summ           #.......     98%         3    ####...
 Summon Guardian Golem    Hex/Summ       #.......     98%         3    ####...
 Summon Ice Beast         Ice/Summ       #.......     100%        4    #####..
 Summon Lightning Spire   Summ/Air       #.......     100%        4    #####..


Dungeon Overview and Level Annotations

Branches:
Dungeon (7/15)             Temple (1/1) D:6

Altars:
Cheibriados
Elyvilon
Fedhas
Gozag
Kikubaaqudgha
Makhleb
Okawaru
Qazlal
Ru
Sif Muna
Trog
Uskayaw
Vehumet
Wu Jian
Xom
Yredelemnul
Zin
The Shining One

Shops:
D:6 =


Message History

A worker ant comes into view.
The hornet barely misses you.
Things that are here:
a robe; a dagger You feel sick.
The worker ant twitches its antennae in your direction.
You see here a giant club.
You feel sick. The hornet closely misses you.
You feel sick.
The hornet stings you but does no damage.
You block the hornet's attack. The hornet stings you.
* * * LOW HITPOINT WARNING * * *
You are more poisoned.
You feel yourself slow down.
* * * LOW HITPOINT WARNING * * *
You feel sick. You block the hornet's attack.
Found a battleaxe.
You feel yourself speed up.
You die...

#....# ..##
##..†.##....# )
#...÷[......# ..
##..).......#
...##+####.........##
.......a......##...#
.......y##....# ...#
........##....# ....
...##..@##....# ....
## #...##....# ...
+.........#
#...##....#
#...##....# #...#
#...# .....


You could see a hornet and a worker ant.

Vanquished Creatures
  2 water moccasins (D:6)
  3 sky beasts
  An ogre (D:7)
  A centaur (D:6)
  Blork the orc (D:6)
  A bullfrog (D:4)
  2 scorpions
  A jelly (D:6)
  2 crimson imps (D:6)
  A centaur zombie (D:7)
  A quasit (D:5)
  3 hounds
  4 orc wizards
  Jessica (D:2)
  An iguana (D:5)
  3 worker ants
  A hound skeleton (D:3)
  A worker ant zombie (D:3)
  7 adders
  6 adder skeletons
  An adder zombie (D:3)
  4 worms
  A dart slug (D:3)
  5 leopard geckos
  13 orcs
  A ball python (D:5)
  12 bats
  A bat zombie (D:1)
  11 giant cockroaches
  13 goblins
  12 hobgoblins
  9 jackals
  A quokka (D:4)
  A giant cockroach zombie (D:1)
  2 jackal skeletons
  5 kobolds (D:1)
  A leopard gecko zombie (D:6)
  A quokka skeleton (D:3)
  A quokka zombie (D:3)
  5 rats
143 creatures vanquished.

Vanquished Creatures (others)
  A black bear (D:6)
  A quokka (D:6)
2 creatures vanquished.

Grand Total: 145 creatures vanquished

Notes
Turn   | Place    | Note
-------+----------+-------------------------------------------
     0 | D:1      | JBWHISE123 the Hill Orc Fighter began the quest for the
                  | Orb.
     0 | D:1      | Reached XP level 1. HP: 19/19 MP: 1/1
    45 | D:1      | Reached XP level 2. HP: 23/27 MP: 2/2
   293 | D:1      | Reached XP level 3. HP: 13/33 MP: 3/3
   713 | D:1      | Reached skill level 4 in Fighting
  1002 | D:2      | Noticed Jessica
  1026 | D:2      | Killed Jessica
  1026 | D:2      | Reached XP level 4. HP: 39/40 MP: 4/4
  1854 | D:3      | Reached XP level 5. HP: 43/47 MP: 5/5
  1920 | D:3      | Found a glowing golden altar of the Shining One.
  2216 | D:3      | Found Zin's Purification Station.
  2223 | D:3      | Found a glowing silver altar of Zin.
  2237 | D:3      | Bought a potion of curing for 90 gold pieces
  2645 | D:4      | Reached skill level 5 in Fighting
  2645 | D:4      | Reached XP level 6. HP: 41/56 MP: 6/6
  2666 | D:4      | Noticed a sky beast
  2740 | D:4      | Killed a sky beast
  2740 | D:4      | Reached skill level 5 in Shields
  2842 | D:4      | Found an ornate altar of the Wu Jian Council.
  2960 | D:4      | Reached skill level 5 in Armour
  2996 | D:4      | Found an ancient bone altar of Kikubaaqudgha.
  3133 | D:4      | Reached XP level 7. HP: 61/61 MP: 7/7
  3258 | D:5      | Entered Level 5 of the Dungeon
  3420 | D:5      | Found a sacrificial altar of Ru.
  3848 | D:5      | Got a crude battleaxe
  4119 | D:6      | Found a staircase to the Ecumenical Temple.
  4123 | Temple   | Entered the Ecumenical Temple
  4297 | D:6      | Found Misewer's Jewellery Boutique.
  4299 | D:6      | Noticed Blork the orc
  4317 | D:6      | Killed Blork the orc
  4317 | D:6      | Reached skill level 6 in Fighting
  4354 | D:6      | Reached skill level 5 in Maces & Flails
  4359 | D:6      | Found a shimmering altar of Xom.
  4815 | D:6      | Reached XP level 8. HP: 48/71 MP: 8/8
  4925 | D:6      | HP: 3/71 [poisoned by a water moccasin]
  4956 | D:6      | Reached skill level 7 in Fighting
  5874 | D:7      | Noticed a hornet
  5883 | D:7      | Reached skill level 8 in Fighting
  5918 | D:7      | HP: 3/74 [poisoned by a hornet]
  5921 | D:7      | HP: 1/74 [poisoned by a hornet]
  5922 | D:7      | Succumbed to a hornet's poison

Skill      XL: |  1  2  3  4  5  6  7  8 |
---------------+-------------------------+-----
Fighting       | 4 5 6 8 |  8.0
Shields        | 4 5 |  5.1
Armour         | 4 5 6 7 |  7.3
Maces & Flails | 3 4 5 6 |  6.7
Dodging        | |  0.1

Action                   |  1- 3 |  4- 6 |  7- 9 || total
-------------------------+-------+-------+-------++-------
Melee: Flail             |   165 |   269 |       ||   434
       Mace              |       |     7 |   296 ||   303
  Use: Scroll            |       |     3 |     3 ||     6
       Potion            |       |     1 |     1 ||     2
 Stab: Paralysed         |       |       |     1 ||     1
  Eat: Chunk             |     1 |     6 |     1 ||     8
       Ration            |       |     1 |     2 ||     3
Armor: Scale mail        |   149 |   171 |   189 ||   509
Dodge: Dodged            |    87 |    84 |   100 ||   271
Block: Shield            |   134 |   158 |   187 ||   479
